 Dungeon Crawl Stone Soup version 0.32-a0-136-gc02482bde3 (webtiles) character file.

Game seed: 4060065129546109397

55706 runemasterragnar the Warrior (level 14, -25/124 HPs)
             Began as a Demonspawn Shapeshifter on Feb 11, 2024.
             Was the Champion of Nemelex Xobeh.
             Annihilated by an enormous slime creature (52 damage)
             ... on level 13 of the Dungeon.
             The game lasted 00:50:27 (26563 turns).

runemasterragnar the Warrior (DsSh)                Turns: 26563, Time: 00:50:28

Health: -25/124    AC: 23    Str: 23    XL:     14   Next: 39%
Magic:  19/19      EV: 11    Int: 11    God:    Nemelex Xobeh [******]
Gold:   1295       SH:  5    Dex: 13    Spells: 13/13 levels left

rFire   . . .        p - +9 great mace "Odich" {elec, Str+4}
rCold   + . .        (shield currently unavailable)
rNeg    . . .        J - +0 swamp dragon scales
rPois   +            f - +3 hat of the Hidden Vale {SInv}
rElec   .            m - +1 cloak
rCorr   .            (no gloves)
SInv    +            U - +0 pair of boots
Will    +....        S - amulet of reflection
Stlth   +            V - +4 ring of protection
HPRegen 0.40/turn    C - ring of protection from cold
MPRegen 0.32/turn

%: reflection
@: studying Armour
A: antennae 2, demonic guardian 2, magic regeneration, sharp scales 2
a: Renounce Religion, Draw Escape, Draw Destruction, Draw Summoning, Triple
Draw, Deal Four, Stack Five


You were on level 13 of the Dungeon.
You worshipped Nemelex Xobeh.
Nemelex Xobeh was exalted by your worship.
You visited 2 branches of the dungeon, and saw 18 of its levels.
You also visited: Gauntlet.

You collected 1295 gold pieces.

Inventory:

Hand Weapons
 p - the +9 great mace "Odich" (weapon) {elec, Str+4}
   (You found it in a Gauntlet)

   Str+4:     It affects your strength (+4).
 A - a +1 vampiric long sword
 T - a +1 dire flail of protection
Missiles
 h - 19 boomerangs (quivered)
 s - a throwing net
 w - 11 poisoned darts
Armour
 f - the +3 hat of the Hidden Vale (worn) {SInv}
   (You acquired it on level 12 of the Dungeon)

   SInv:      It lets you see invisible.
 l - the +0 ring mail of the Buccaneer {rElec Regen+ Int-4 Dex+4}
   (You found it on level 2 of the Dungeon)

   Int-4:     It affects your intelligence (-4).
   Dex+4:     It affects your dexterity (+4).
   rElec:     It insulates you from electricity.
   Regen+:    It increases your rate of health regeneration.
 m - a +1 cloak (worn)
 J - +0 swamp dragon scales (worn)
 U - a +0 pair of boots (worn)
Magical Staves
 e - a staff of fire
 g - a staff of air
Jewellery
 j - a ring of ice
 C - a ring of protection from cold (right hand)
 D - a ring of flight
 F - a ring of positive energy
 O - a ring of wizardry
 S - an amulet of reflection (around neck)
 V - a +4 ring of protection (left hand)
 Z - a ring of see invisible
Talismans
 c - a beast talisman
 d - a flux talisman
 Y - a maw talisman
Wands
 a - a wand of mindburst (5)
 u - a wand of iceblast (17)
 G - a wand of paralysis (8)
 Q - a wand of acid (3)
 R - a wand of polymorph (5)
Scrolls
 i - 7 scrolls of amnesia
 o - 3 scrolls of enchant armour
 r - 4 scrolls of immolation
 E - 4 scrolls of teleportation
 L - 3 scrolls of enchant weapon
 N - 4 scrolls of revelation
 P - 3 scrolls of vulnerability
Potions
 b - 6 potions of brilliance
 k - a potion of invisibility
 n - 2 potions of haste
 q - 2 potions of curing
 t - 2 potions of mutation
 v - 2 potions of resistance
 x - a potion of might
 y - 2 potions of magic
 B - 3 potions of enlightenment
 I - a potion of cancellation
 K - 2 potions of attraction
 M - a potion of ambrosia
 W - 2 potions of lignification
Miscellaneous
 z - a lightning rod (4/4)
 H - a tin of tremorstones (1/2)
 X - a phantom mirror


   Skills:
 + Level 15.8 Fighting
 * Level 2.2 Maces & Flails
 + Level 12.2 Armour
 - Level 1.7 Dodging
 - Level 11.9 Unarmed Combat
 - Level 7.1 Invocations
 * Level 8.6 Shapeshifting


You had 13 spell levels left.
You didn't know any spells.
Your spell library contained the following spells:

 Spells                   Type           Power      Damage    Failure   Level
 Ensorcelled Hibernation  Hex/Ice        0%         N/A       58%         2
 Jinxbite                 Hex            0%         N/A       58%         2
 Scorch                   Fire           0%         2d5       58%         2
 Dazzling Flash           Conj/Hex       0%         N/A       83%         3
 Fugue of the Fallen      Necr           0%         N/A       83%         3
 Inner Flame              Hex/Fire       0%         N/A       83%         3
 Ozocubu's Armour         Ice            0%         N/A       83%         3
 Passwall                 Erth           0%         N/A       83%         3
 Sigil of Binding         Hex            0%         N/A       83%         3
 Swiftness                Air            0%         N/A       83%         3
 Tukima's Dance           Hex            0%         N/A       83%         3
 Volatile Blastmotes      Fire/Tloc      0%         2d10      83%         3
 Anguish                  Hex/Necr       0%         N/A       99%         4
 Flame Wave               Conj/Fire      0%         2d4       99%         4
 Fulminant Prism          Conj/Alch      0%         3d5       99%         4
 Iskenderun's Mystic Bla  Conj/Tloc      0%         2d3       99%         4
 Manifold Assault         Tloc           0%         N/A       99%         4
 Passage of Golubria      Tloc           0%         N/A       99%         4
 Lee's Rapid Deconstruct  Erth           0%         3d4*      100%        5
 Metabolic Englaciation   Hex/Ice        0%         N/A       100%        5
 Silence                  Hex/Air        0%         N/A       100%        5
 Yara's Violent Unravell  Hex/Alch       0%         3d3       100%        5
 Sculpt Simulacrum        Ice/Alch       0%         N/A       100%        6
 Summon Cactus Giant      Summ           0%         N/A       100%        6
 Enfeeble                 Hex            0%         N/A       100%        7
 Lehudib's Crystal Spear  Conj/Erth      0%         10d2      100%        8
 Shatter                  Erth           0%         3d5*      100%        9


Dungeon Overview and Level Annotations

Branches:
Dungeon (13/15)            Temple (0/1) D:4            Lair (5/5) D:11
 Shoals (0/4) Lair:3        Snake (0/4) Lair:3        Slime (0/5) Lair:4
    Orc (0/2) D:12        Gauntlet (visited)
 Vaults: D:13-14

Altars:
Ashenzari
Cheibriados
Makhleb
Nemelex Xobeh
Okawaru
Qazlal
Sif Muna
Trog
Vehumet
Jiyva

Shops:
D:6 !

Annotations:
D:11 exclusion: orange crystal statue


Innate Abilities, Weirdness & Mutations

You have a pair of antennae on your head.
A demonic guardian rushes to your aid.
You regenerate magic rapidly.
You are mostly covered in razor-sharp scales. (AC +2, Slay +2)


Message History

Unknown command.
Unknown command.
You bludgeon the very large slime creature!!
The very large slime creature is moderately wounded.
Two slime creatures merge to form an enormous slime creature.
You draw a card...
You have drawn Vitriol.
Press: ? - help, Shift-Dir - straight line, f/p - enormous slime creature
Aim: an enormous slime creature (moderately wounded)
The bolt of acid hits the enormous slime creature!!!
The acid corrodes the enormous slime creature!
The enormous slime creature is heavily wounded.
Unknown command.
Unknown command.
You draw a card...
You have drawn Vitriol.
Press: ? - help, Shift-Dir - straight line, f/p - enormous slime creature
Aim: an enormous slime creature (heavily wounded, covered in acid)
The bolt of acid hits the enormous slime creature!
The enormous slime creature seems to be corroded for longer.
The enormous slime creature is heavily wounded.
The deck of cards disappears without a trace.
The enormous slime creature closely misses you.
That deck is empty!
Unknown command.
Unknown command.
You draw a card...
You have drawn Velocity.
Nothing appears to happen.
The deck of cards glows with a rainbow of weird colours and disappears.
The enormous slime creature hits you!!
You draw a card...
You have drawn the Elements.
The deck of cards glows slightly and disappears.
The enormous slime creature hits you!!!
Ouch! That really hurt!
* * * LOW HITPOINT WARNING * * *
Unknown command.
You barely miss the enormous slime creature.
The enormous slime creature is heavily wounded.
The enormous slime creature hits you!!!
You die...
Your body glows with a rainbow of weird colours and disappears.

####.......##
.......##### ......##
.#.....# #.....####
#......[^###
#...........####
#.........#...Y####
#.........####9J@####
#.........# #####..#
...?......# ####...#
.........## #....
.........# ##.
.......


You could see an enormous slime creature (corroded, ally target), a friendly
catoblepas (summoned) and a friendly molten gargoyle (summoned).

Vanquished Creatures
  Nessos (Lair:5)
  A minotaur (Gauntlet)
  A blizzard demon (Gauntlet)
  2 hydras
  2 boulder beetles
  A two-headed ogre (D:9)
  A skyshark (Lair:4)
  A lindwurm (Lair:2)
  2 cyclopes
  A manticore (D:11)
  2 black mambas
  A torpor snail (Lair:3)
  A gargoyle (D:8)
  13 cane toads
  2 unseen horrors
  A kobold demonologist (D:12)
  6 komodo dragons
  2 rime drakes
  2 burning bushes (Lair:2)
  A queen bee (Lair:1)
  A polar bear (Lair:2)
  A troll (D:11)
  2 tyrant leeches (Lair:5)
  15 blink frogs
  7 dream sheep
  2 slime creatures (D:12)
  2 shadows
  3 wyverns
  A wraith (D:13)
  24 yaks
  A vampire (D:13)
  2 fire bats (Gauntlet)
  5 basilisks
  7 vampire mosquitoes
  Edmund (D:6)
  Menkaure (D:6)
  An acid dragon (D:13)
  12 water moccasins
  9 orc warriors
  2 sky beasts
  7 ice beasts
  A black bear (D:4)
  2 ogres (D:7)
  14 wolves
  A boggart (Gauntlet)
  5 centaurs
  2 phantoms (D:5)
  5 kobold brigands
  21 bullfrogs
  A gnoll sergeant (D:11)
  2 scorpions
  3 two-headed ogre simulacra (D:12)
  4 wights
  7 killer bees
  8 howler monkeys
  5 electric eels
  A bombardier beetle (D:5)
  4 crimson imps (D:9)
  6 hounds
  6 orc priests
  4 iguanas
  2 jellies
  2 hell rats (Lair:3)
  11 orc wizards
  2 spriggan simulacra (D:12)
  2 polar bear simulacra (D:12)
  A wolf simulacrum (D:12)
  Robin (D:3)
  5 gnolls
  7 adders
  A shadow imp (D:5)
  5 white imps
  4 ufetubi
  3 dart slugs
  A ribbon worm (Lair:1)
  45 orcs
  6 ball pythons
  7 endoplasms
  8 giant cockroaches
  11 hobgoblins
  8 jackals
  11 kobolds
  4 quokkas
  5 bats
  6 frilled lizards
  26 goblins
  5 rats
441 creatures vanquished.

Vanquished Creatures (collateral kills)
  Gastronok (D:8)
  The ghost of Zumudolu the Cleaver, a journeyman MiFi of Yredelemnul (Lair:2)
  A hydra (Lair:3)
  2 tengu warriors (D:12)
  2 two-headed ogres (D:11)
  A skyshark (Lair:4)
  A goliath frog (Lair:5)
  An ugly thing (D:7)
  A manticore (D:11)
  Maurice (D:8)
  4 elephants
  A black mamba (Lair:3)
  Joseph (D:8)
  6 cane toads
  Maggie (D:8)
  A tengu conjurer (D:11)
  A rime drake (D:11)
  2 komodo dragons (Lair:3)
  A polar bear (D:11)
  12 blink frogs
  3 slime creatures
  2 wyverns
  2 yaks
  A steam dragon (Lair:1)
  7 vampire mosquitoes
  A naga (Lair:3)
  5 water moccasins
  A swamp drake (Lair:4)
  A black bear (Lair:2)
  4 wolves
  A boggart (Lair:4)
  A centaur (D:7)
  A phantom (D:7)
  5 bullfrogs
  4 wights
  4 killer bees
  4 howler monkeys (D:8)
  A bombardier beetle (Lair:4)
  4 jellies
  A hound (Lair:4)
  3 hell rats (Lair:3)
  An iguana (D:7)
  3 orc wizards
  A dart slug (Lair:4)
  9 orcs
  A bat (Lair:1)
  3 endoplasms (Lair:4)
116 creatures vanquished.

Vanquished Creatures (others)
  An orc wizard (D:7)
1 creature vanquished.

Grand Total: 558 creatures vanquished

Notes
Turn   | Place    | Note
-------+----------+-------------------------------------------
     0 | D:1      | runemasterragnar the Demonspawn Shapeshifter began the
                  | quest for the Orb.
     0 | D:1      | Reached XP level 1. HP: 15/15 MP: 1/1
   306 | D:1      | Gained mutation: You are partially covered in razor-sharp
                  | scales. (AC +1, Slay +1) [demonic ancestry]
   306 | D:1      | Reached XP level 2. HP: 15/21 MP: 2/2
   332 | D:1      | Found a faded altar of an unknown god.
   340 | D:1      | Prayed at the altar of an unknown god.
   340 | D:1      | Became a worshipper of Nemelex Xobeh the Trickster
   340 | D:1      | Reached * piety under Nemelex Xobeh
   340 | D:1      | Received a gift from Nemelex Xobeh
   659 | D:1      | Got Osynef Ligg's Compilation of Fey Geology
  1208 | D:2      | Found an iron altar of Okawaru.
  1219 | D:2      | Reached skill level 1 in Invocations
  1226 | D:2      | Gained mutation: You regenerate magic rapidly. [demonic
                  | ancestry]
  1226 | D:2      | Reached XP level 3. HP: 27/27 MP: 3/3
  1246 | D:2      | Reached ** piety under Nemelex Xobeh
  1302 | D:2      | Reached skill level 2 in Fighting
  1571 | D:2      | Identified the +0 ring mail of the Buccaneer {rElec Regen+
                  | Int-4 Dex+4}
  1967 | D:2      | Gained mutation: You have a pair of small antennae on your
                  | head. [demonic ancestry]
  1967 | D:2      | Reached XP level 4. HP: 34/34 MP: 5/5
  2834 | D:3      | Reached *** piety under Nemelex Xobeh
  2900 | D:3      | Noticed Robin
  2935 | D:3      | Killed Robin
  2942 | D:3      | Reached skill level 3 in Fighting
  2962 | D:3      | Reached XP level 5. HP: 41/41 MP: 6/6
  3118 | D:4      | Found a staircase to the Ecumenical Temple.
  3355 | D:4      | Noticed a black bear
  3357 | D:4      | Killed a black bear
  3358 | D:4      | Reached XP level 6. HP: 48/48 MP: 8/8
  3447 | D:4      | Found a bloodstained altar of Trog.
  3500 | D:4      | Found a snail-covered altar of Cheibriados.
  3597 | D:5      | Entered Level 5 of the Dungeon
  3621 | D:5      | Reached skill level 4 in Fighting
  3630 | D:5      | Found a shimmering blue altar of Sif Muna.
  3700 | D:5      | Received a gift from Nemelex Xobeh
  3756 | D:5      | Gained mutation: A weak demonic guardian rushes to your
                  | aid. [demonic ancestry]
  3756 | D:5      | Reached XP level 7. HP: 46/55 MP: 8/10
  4058 | D:5      | Reached skill level 5 in Fighting
  4600 | D:6      | Noticed Blork the orc
  4619 | D:6      | Blork the orc changed into Blork the quokka
  4619 | D:6      | Noticed Blork
  4620 | D:6      | Killed Blork the quokka
  4653 | D:6      | Found Tugg's Distillery.
  4658 | D:6      | Noticed Menkaure
  4662 | D:6      | Killed Menkaure
  4663 | D:6      | Reached skill level 5 in Invocations
  4699 | D:6      | Received a gift from Nemelex Xobeh
  4717 | D:6      | Gained mutation: You have a pair of antennae on your head.
                  | [demonic ancestry]
  4717 | D:6      | Reached XP level 8. HP: 51/64 MP: 11/11
  4726 | D:6      | Reached skill level 6 in Fighting
  4746 | D:6      | Noticed Edmund
  4749 | D:6      | Killed Edmund
  4750 | D:6      | Reached skill level 5 in Unarmed Combat
  4991 | D:7      | Reached skill level 7 in Fighting
  5038 | D:7      | Reached skill level 5 in Shapeshifting
  5129 | D:7      | Reached **** piety under Nemelex Xobeh
  5246 | D:7      | Found a broken altar of Ashenzari.
  5278 | D:7      | Gained mutation: A demonic guardian rushes to your aid.
                  | [demonic ancestry]
  5278 | D:7      | Reached XP level 9. HP: 72/72 MP: 13/13
  5350 | D:7      | Found a stormy altar of Qazlal.
  5444 | D:7      | Reached skill level 8 in Fighting
  5499 | D:7      | Noticed a brown ugly thing
  5514 | D:7      | Killed a brown ugly thing
  5515 | D:7      | Reached skill level 1 in Armour
  5668 | D:7      | Reached skill level 9 in Fighting
  5853 | D:7      | Found a burning altar of Makhleb.
  6284 | D:7      | Killed an unseen horror
  6456 | D:7      | Received a gift from Nemelex Xobeh
  6597 | D:8      | Noticed Joseph
  6610 | D:8      | Killed Joseph
  6611 | D:8      | Reached XP level 10. HP: 44/83 MP: 15/15
  6760 | D:8      | Noticed Gastronok
  6776 | D:8      | Killed Gastronok
  6777 | D:8      | Reached skill level 10 in Fighting
  6815 | D:8      | Found a radiant altar of Vehumet.
  6869 | D:8      | Noticed Maurice
  6885 | D:8      | Paralysed by Maurice for 2 turns
  6892 | D:8      | Maurice stole 422 gold
  6892 | D:8      | Killed Maurice
  6913 | D:8      | Noticed Maggie
  6921 | D:8      | Killed Maggie
  7153 | D:8      | Noticed a gargoyle
  7177 | D:8      | Killed a gargoyle
  7188 | D:8      | Reached skill level 11 in Fighting
  7327 | D:8      | Received a gift from Nemelex Xobeh
  8215 | D:9      | Reached ***** piety under Nemelex Xobeh
  8229 | D:9      | Reached skill level 5 in Armour
  8281 | D:9      | Gained mutation: You are mostly covered in razor-sharp
                  | scales. (AC +2, Slay +2) [demonic ancestry]
  8281 | D:9      | Reached XP level 11. HP: 34/82 MP: 16/16
  8432 | D:9      | Noticed a two-headed ogre
  8438 | D:9      | Killed a two-headed ogre
  9656 | D:9      | Received a gift from Nemelex Xobeh
  9668 | D:9      | Noticed a boulder beetle
  9689 | D:9      | Killed a boulder beetle
  9941 | D:10     | Entered Level 10 of the Dungeon
 10059 | D:10     | Reached skill level 12 in Fighting
 10314 | D:10     | Received a gift from Nemelex Xobeh
 10433 | D:10     | Received a gift from Nemelex Xobeh
 10806 | D:10     | Found a sparkling altar of Nemelex Xobeh.
 11118 | D:11     | Noticed a boulder beetle
 11133 | D:11     | Killed a boulder beetle
 11288 | D:11     | Noticed an orange crystal statue
 11289 | D:11     | Noticed a boulder beetle
 11445 | D:11     | Identified the -1 quarterstaff "Miotatuisu" {protect,
                  | ^Contam rF+ rN+++ SInv}
 11445 | D:11     | Noticed a two-headed ogre
 11455 | D:11     | Killed a two-headed ogre
 11633 | D:11     | Noticed a two-headed ogre
 11634 | D:11     | Reached skill level 13 in Fighting
 11636 | D:11     | Killed a two-headed ogre
 11668 | D:11     | Received a gift from Nemelex Xobeh
 11674 | D:11     | Found a staircase to the Lair.
 11715 | Lair:1   | Entered Level 1 of the Lair of Beasts
 11968 | Lair:1   | Reached XP level 12. HP: 74/105 MP: 17/17
 12113 | Lair:1   | Received a gift from Nemelex Xobeh
 13353 | Lair:1   | Received a gift from Nemelex Xobeh
 13539 | Lair:1   | Reached ****** piety under Nemelex Xobeh
 13789 | Lair:2   | Noticed a six-headed hydra
 14282 | Lair:2   | Reached skill level 14 in Fighting
 14299 | Lair:2   | a six-headed hydra changed into a black bear
 14302 | Lair:2   | Noticed Zumudolu's ghost (journeyman MiFi)
 14317 | Lair:2   | Found a runed translucent gate.
 14317 | Lair:2   | Found a runed translucent gate.
 14317 | Lair:2   | Found a runed translucent gate.
 14319 | Lair:2   | Received a gift from Nemelex Xobeh
 14337 | Lair:2   | Reached skill level 10 in Unarmed Combat
 14350 | Lair:2   | Killed Zumudolu's ghost
 15525 | Lair:3   | Identified the +0 hand axe of Demonic Valiance {freeze,
                  | rElec rPois rCorr Int-2}
 15604 | Lair:3   | Reached XP level 13. HP: 54/114 MP: 18/18
 16014 | Lair:3   | Received a gift from Nemelex Xobeh
 16559 | Lair:3   | Found a staircase to the Snake Pit.
 16576 | Lair:3   | Received a gift from Nemelex Xobeh
 16684 | Lair:3   | Found a staircase to the Shoals.
 17019 | Lair:3   | Reached skill level 10 in Armour
 17469 | Lair:3   | Found a snail-covered altar of Cheibriados.
 17938 | Lair:4   | Reached skill level 15 in Fighting
 18308 | Lair:4   | Received a gift from Nemelex Xobeh
 18440 | Lair:4   | Found a staircase to the Slime Pits.
 18446 | Lair:4   | Found a viscous altar of Jiyva.
 18651 | Lair:4   | Received a gift from Nemelex Xobeh
 18922 | Lair:5   | Entered Level 5 of the Lair of Beasts
 20038 | Lair:5   | Noticed Nessos
 20049 | Lair:5   | Killed Nessos
 20892 | Lair:5   | Reached XP level 14. HP: 35/123 MP: 19/19
 21223 | Lair:5   | Received a gift from Nemelex Xobeh
 21416 | Lair:5   | Got Otissaok's Excursus on the Unfortunate Plateau
 22390 | D:11     | Received a gift from Nemelex Xobeh
 22936 | D:12     | Found a gate leading to a gauntlet.
 22941 | Gauntlet | Entered a Gauntlet
 22941 | Gauntlet | Found a transporter.
 22941 | Gauntlet | Found a transporter.
 22945 | Gauntlet | Found a transporter.
 22945 | Gauntlet | Found a transporter.
 22956 | Gauntlet | Found a transporter.
 22958 | Gauntlet | Found a transporter.
 22963 | Gauntlet | Found a transporter.
 22968 | Gauntlet | Found a transporter.
 23007 | Gauntlet | Found a transporter.
 23029 | Gauntlet | Found a transporter.
 23031 | Gauntlet | Found a large runed translucent door.
 23032 | Gauntlet | Found a large runed translucent door.
 23034 | Gauntlet | Found a runed translucent gate.
 23072 | Gauntlet | Found a transporter.
 23089 | Gauntlet | Found a transporter.
 23091 | Gauntlet | Found a large runed translucent door.
 23091 | Gauntlet | Found a large runed translucent door.
 23092 | Gauntlet | Found a large runed translucent door.
 23092 | Gauntlet | Found a large runed translucent door.
 23094 | Gauntlet | Found a runed translucent door.
 23094 | Gauntlet | Found a large runed translucent door.
 23094 | Gauntlet | Found a large runed translucent door.
 23094 | Gauntlet | Found a runed translucent door.
 23094 | Gauntlet | Found a large runed translucent door.
 23094 | Gauntlet | Found a large runed translucent door.
 23096 | Gauntlet | Found a large runed translucent door.
 23096 | Gauntlet | Found a large runed translucent door.
 23098 | Gauntlet | Found a large runed translucent door.
 23098 | Gauntlet | Found a large runed translucent door.
 23100 | Gauntlet | Found a large runed translucent door.
 23100 | Gauntlet | Found a large runed translucent door.
 23102 | Gauntlet | Found a runed translucent gate.
 23102 | Gauntlet | Found a runed translucent gate.
 23104 | Gauntlet | Found a transporter.
 23213 | Gauntlet | Found a transporter.
 23230 | Gauntlet | Found a transporter.
 23248 | Gauntlet | Found a transporter.
 23408 | Gauntlet | HP: 6/124 [fire bat (8)]
 23773 | Gauntlet | Identified the +9 great mace "Odich" {elec, Str+4}
 24082 | Gauntlet | Identified the +1 leather armour "Ryry" {rPois}
 24083 | Gauntlet | Got Quotidian Incantation
 24442 | D:12     | Reached skill level 1 in Maces & Flails
 24835 | D:12     | Identified a scroll of acquirement
 24835 | D:12     | Acquired the +3 hat of the Hidden Vale {SInv}
 24977 | D:12     | Received a gift from Nemelex Xobeh
 25930 | D:12     | Found a staircase to the Orcish Mines.
 26542 | D:13     | Identified the +3 robe of Jylluhu {rC+}
 26563 | D:13     | Annihilated by an enormous slime creature

Illustrated notes

Levels and vault maps discovered:
D:1:      lightli_arrival_statue_moat, layout_basic,
          hellmonk_ecumenical_altar_zigzags
D:2:      layout_basic, basic_altar, dreamdust_mushroom_princess,
          minmay_goblin_outpost
D:3:      layout_loops_corners, uniq_robin
D:4:      layout_rooms, trog_hazing_becter, nicolae_overflow_two_pavilions,
          minmay_temple_entry_tees
D:5:      minmay_evil_eye, layout_basic, old_standard_altar
D:6:      layout_basic, nicolae_take_the_stairs, uniq_edmund, uniq_menkaure,
          uniq_blork_the_orc
D:7:      layout_basic, nicolae_qazlal_eye_of_the_storm,
          nicolae_ashenzari_panopticon, lemuel_doored_altar, nzn_random_ring
D:8:      kennysheep_blocky_room, layout_loops_ring, amcnicky_altar_gilded,
          minmay_fractal_squares_diagonal_5, uniq_maggie, uniq_joseph,
          uniq_maurice, uniq_gastronok
D:9:      nicolae_cairo_tiling_large, layout_stronghold, minmay_fire_ice_demons
D:10:     layout_small_grid, general_overflow_altar
D:11:     statuecave_lemuel, layout_long_grid, hellmonk_lair_entry_icy,
          serial_glass, glass_columns_c, glass_columns_a,
          minmay_misc_feat_plants
D:12:     layout_stronghold, orc_0_dummy, gauntlet_entry_generic,
          portal_ice_cave_entry_ice_simulacra
D:13:     layout_cave_pods, minmay_sticks_and_stones
Lair:1:   layout_regular_city, disabler_island, infiniplex_staircase_pool_2
Lair:2:   layout_roguey, gammafunk_ghost_split, chequers_serial_rivers_large_b,
          evilmike_ambush [evilmike_ambush_outer_doors,
          evilmike_ambush_inner_basic]
Lair:3:   layout_cave_pods, shoals_dummy_entry, guppyfry_snake_entry_garden,
          basic_altar, st_stairs_7, evilmike_ambush
          [evilmike_ambush_outer_doors, evilmike_ambush_inner_basic]
Lair:4:   layout_regular_city, nicolae_slime_entry_slimehenge, minivault_19,
          pond
Lair:5:   minmay_lair_end_frog_pond, layout_loops_ring,
          chequers_serial_rivers_large_a, uniq_nessos

Skill      XL: |  1  2  3  4  5  6  7  8  9 10 11 12 13 14 |
---------------+-------------------------------------------+-----
Unarmed Combat | 3 4 5 6 8 9 10 11 | 11.9
Invocations    | 1 2 3 4 5 6 7 |  7.1
Shapeshifting  | 3 4 5 7 8 |  8.6
Fighting       | 2 3 4 5 7 9 11 13 14 15 | 15.8
Armour         | 2 5 6 9 11 12 | 12.2
Maces & Flails | 2 |  2.2
Dodging        | |  1.7

Action                     |  1- 3 |  4- 6 |  7- 9 | 10-12 | 13-15 || total
---------------------------+-------+-------+-------+-------+-------++-------
  Melee: Unarmed           |   124 |   144 |   149 |    31 |       ||   448
         Punch             |     3 |     8 |    21 |    20 |       ||    52
         Long sword        |       |       |   109 |    62 |       ||   171
         Scimitar          |       |       |       |   197 |       ||   197
         Dire flail        |       |       |       |   313 |   439 ||   752
         Great mace        |       |       |       |       |   108 ||   108
   Fire: Longbow           |       |       |       |       |    11 ||    11
  Throw: Boomerang         |     2 |     2 |    10 |    11 |     7 ||    32
 Invoke: Draw Destruction  |       |     2 |    17 |    40 |    35 ||    94
         Draw Summoning    |       |       |     3 |    16 |    15 ||    34
         Draw Escape       |       |       |     4 |     6 |    19 ||    29
         Deal Four         |       |       |       |       |     3 ||     3
         Triple Draw       |       |       |       |       |     1 ||     1
Ability: Begin Untransform |       |       |       |       |     1 ||     1
  Evoke: Wand              |       |       |     3 |     5 |     4 ||    12
         Tin of tremorston |       |       |       |       |     1 ||     1
    Use: Scroll            |       |     3 |     7 |     9 |    11 ||    30
         Potion            |       |       |       |     7 |     8 ||    15
   Stab: Distracted        |       |       |     2 |     6 |     1 ||     9
         Paralysed         |       |       |       |     3 |       ||     3
         Petrifying        |       |       |       |       |     1 ||     1
         Petrified         |       |       |       |       |     1 ||     1
 Armour: Animal skin       |    55 |       |       |       |       ||    55
         Ring mail         |     1 |    88 |   149 |       |       ||   238
         Chain mail        |       |       |   126 |   101 |       ||   227
         Swamp dragon scal |       |       |       |   742 |   864 ||  1606
         Skin              |       |       |       |    43 |       ||    43
  Dodge: Dodged            |    73 |    84 |   147 |   507 |   457 ||  1268
  Block: Other             |       |       |       |       |    31 ||    31
         Reflection        |       |       |       |       |     1 ||     1

Table legend: (Time is in decaauts)
 A = Elapsed time spent in this place.
 B = Non-inter-level travel time spent in this place.
 C = Inter-level travel time spent in this place.
 D = Time resting spent in this place.
 E = Time spent auto-exploring this place.
 F = Levels seen in this place.
 G = Mean time per level.
                   A        B        C        D        E       F      G
               +--------+--------+--------+--------+--------+-----+--------+
         Total |  26977 |  26489 |    488 |   4786 |  16432 |  19 | 1419.8 |
       Dungeon |  15367 |  14990 |    377 |   1725 |  10504 |  13 | 1182.1 |
          Lair |  10483 |  10372 |    111 |   2563 |   5928 |   5 | 2096.6 |
      Gauntlet |   1127 |   1127 |      0 |    497 |      0 |   1 | 1127.0 |
               +--------+--------+--------+--------+--------+-----+--------+

Top non-repeatable levels by time:
  Lair:1: 2492 daAuts
  Lair:3: 2366 daAuts
  Lair:4: 2180 daAuts
  Lair:5: 2177 daAuts
    D:12: 2167 daAuts
     D:9: 2105 daAuts
    D:11: 1829 daAuts
     D:7: 1688 daAuts
     D:8: 1300 daAuts
  Lair:2: 1266 daAuts
     D:1: 1200 daAuts
Gauntlet: 1127 daAuts
     D:2: 1061 daAuts
    D:10: 954 daAuts
     D:5: 830 daAuts
